 Dungeon Crawl Stone Soup version 0.30.1-11-g7821555f0a (webtiles) character file.

Game seed: 6263264381326435889

69 KittyFluff the Trooper (level 4, -1/28 HPs)
             Began as a Gargoyle Berserker on Nov 8, 2023.
             Was a Believer of Trog.
             Slain by a hobgoblin (3 damage)
             ... led by Robin
             ... on level 3 of the Dungeon.
             The game lasted 00:05:18 (1163 turns).

KittyFluff the Trooper (Gargoyle Berserker)         Turns: 1163, Time: 00:05:18

Health: -1/28      AC:  5    Str: 23    XL:     4   Next: 20%
Magic:  4/4        EV: 11    Int:  7    God:    Trog [**....]
Gold:   49         SH:  3    Dex:  9    Spells: 3/3 levels left

rFire   + . .        a - +0 mace
rCold   . . .        e - +0 buckler
rNeg    + . .        b - +0 animal skin
rPois   ∞            (no helmet)
rElec   +            (no cloak)
rCorr   .            (no gloves)
SInv    .            (no boots)
Will    .....        (no amulet)
Stlth   +            j - ring of protection from fire
HPRegen 0.24/turn    (no ring)
MPRegen 0.09/turn

%: no passive effects
@: on berserk cooldown, hasted and slowed
A: sickness immunity, AC +3, negative energy resistance 1, electricity
resistance, torment resistance 1, petrification resistance
a: Renounce Religion, Berserk, Trog's Hand


You were on level 3 of the Dungeon.
You worshipped Trog.
Trog was pleased with you.
You visited 1 branch of the dungeon, and saw 3 of its levels.

You collected 49 gold pieces.

Inventory:

Hand Weapons
 a - a +0 mace (weapon)
Missiles
 d - 5 poisoned darts (quivered)
Armour
 b - a +0 animal skin (worn)
 e - a +0 buckler (worn)
Jewellery
 j - a ring of protection from fire (left hand)
 k - a ring of fire
Scrolls
 f - 2 scrolls of noise {unknown}
 h - a scroll of fog {unknown}
 i - 2 scrolls of teleportation {unknown}
 l - a scroll of vulnerability {unknown}
 n - a scroll of brand weapon {unknown}
Potions
 g - 6 potions of curing {unknown}
 m - a potion of mutation {unknown}


   Skills:
 + Level 3.5 Fighting
 * Level 3.5 Maces & Flails
 * Level 3.1 Armour
 + Level 2.0 Dodging
 + Level 1.2 Stealth
 + Level 0.7 Shields


You had 3 spell levels left.
You didn't know any spells.
Your spell library was empty.

Dungeon Overview and Level Annotations

Branches:
Dungeon (3/15)

Altars:
Vehumet


Innate Abilities, Weirdness & Mutations

You are immune to sickness and miasma.
Your stone body is resilient. (AC +3)
You are immune to poison.
You resist negative energy. (rN+)
You are resistant to electric shocks. (rElec)
You are resistant to unholy torment.
You are immune to petrification.


Message History

Robin throws the goblin at you! The goblin barely misses you.
The goblin unwields a +0 sling.
The goblin wields a +0 dagger.
The goblin hits you but does no damage.
You sock Robin!
You kill Robin!
Trog accepts your kill. The goblin hits you with a +0 club.
* * * LOW HITPOINT WARNING * * *
The goblin misses you.
You have reached level 4!
You feel stronger.
You sock the goblin!
You kill the goblin!
Trog accepts your kill. The hobgoblin hits you.
* * * LOW HITPOINT WARNING * * *
You sock the goblin!
You kill the goblin!
Trog accepts your kill. You block the hobgoblin's attack.
You barely miss the hobgoblin. You barely miss the hobgoblin.
The hobgoblin closely misses you. The hobgoblin barely misses you.
You barely miss the hobgoblin. The hobgoblin closely misses you.
The hobgoblin barely misses you.
You sock the hobgoblin!
You feel the power of Trog in you as your rage grows.
You kill the hobgoblin!
Trog accepts your kill.
The hobgoblin no longer looks unusually strong.
The hobgoblin hits you but does no damage.
You hit the hobgoblin.
The hobgoblin is severely wounded.
You are no longer berserk.
You are exhausted.
You feel yourself slow down. You block the hobgoblin's attack.
It was a potion of haste.
You feel yourself speed up.
The hobgoblin hits you but does no damage.
The hobgoblin hits you.
You die...

##......###
#.......#.##
#.##.##....#####
#. #.##.........
# #.........####
#.#####..g.....gg
#.....).ggg#.##
#########g##.#
#@# # #))....<.
####.#### .. ##


You could see 2 hobgoblins and 3 goblins.

Vanquished Creatures
  Robin (D:3)
  A worm (D:2)
  A dart slug (D:1)
  An orc (D:3)
  4 endoplasms
  A giant cockroach (D:1)
  13 goblins
  6 hobgoblins
  3 kobolds
  A quokka (D:1)
  4 ball pythons
  5 bats
  5 frilled lizards
  A rat (D:2)
47 creatures vanquished.

Notes
Turn   | Place    | Note
-------+----------+-------------------------------------------
     0 | D:1      | KittyFluff the Gargoyle Berserker began the quest for the
                  | Orb.
     0 | D:1      | Reached XP level 1. HP: 14/14 MP: 1/1
    58 | D:1      | Found a faded altar of an unknown god.
    79 | D:1      | Reached XP level 2. HP: 13/19 MP: 2/2
   379 | D:1      | Reached XP level 3. HP: 16/23 MP: 3/3
   653 | D:2      | Reached skill level 1 in Stealth
   855 | D:2      | Reached ** piety under Trog
   893 | D:2      | Found a radiant altar of Vehumet.
  1134 | D:3      | Noticed Robin
  1155 | D:3      | Killed Robin
  1156 | D:3      | Reached XP level 4. HP: 2/28 MP: 4/4
  1156 | D:3      | HP: 1/42 [hobgoblin[Robin] (2)]
  1163 | D:3      | Slain by a hobgoblin

Illustrated notes

Levels and vault maps discovered:
D:1:      minmay_arrival_doors, layout_rooms,
          ebering_ecumenical_altar_sacrificial, st_stairs_1,
          hangedman_decor_push
D:2:      layout_rooms, basic_altar, amcnicky_mini_pool_small, minivault_24
D:3:      layout_loops_cross, uniq_robin

Skill      XL: |  1  2  3 |
---------------+----------+-----
Stealth        | 1 |  1.2
Dodging        | 2 |  2.0
Armour         | 3 |  3.1
Fighting       | |  3.5
Maces & Flails | |  3.5
Shields        | |  0.7

Action                     |  1- 3 |  4- 6 || total
---------------------------+-------+-------++-------
  Melee: Mace              |   141 |     7 ||   148
 Invoke: Berserk           |     2 |       ||     2
    Use: Potion            |       |     1 ||     1
   Stab: Sleeping          |     1 |       ||     1
 Armour: Animal skin       |    47 |     2 ||    49
  Dodge: Dodged            |    93 |     4 ||    97
  Block: Buckler           |    15 |     2 ||    17
